[Event "ICCopen2017"]
[Site "Internet Chess Club"]
[Date "2017.04.02"]
[Round "6"]
[White "blunder23"]
[Black "KnightWalker"]
[Result "1-0"]
[ICCResult "Black forfeits on time"]
[WhiteElo "1498"]
[BlackElo "1313"]
[Opening "Sicilian"]
[ECO "B50"]
[NIC "SI.01"]
[Time "20:06:13"]
[TimeControl "180+0"]

1. e4 c5 2. Nf3 d6 3. Bc4 h6 4. c3 Nc6 5. d4 Nf6 6. d5 Nb8 7. Qc2 Bg4 8. Be2
Nbd7 9. O-O g6 10. c4 Bg7 11. Nc3 O-O 12. h3 Bxf3 13. Bxf3 Ne5 14. Be2 a6
15. f4 Ned7 16. f5 Ne5 17. Be3 Rb8 18. Qd2 Kh7 19. g4 g5 20. Kg2 b5 21. b3
bxc4 22. bxc4 Qb6 23. Rab1 Qa5 24. Kg3 Rb6 25. Rxb6 Qxb6 26. Rb1 Qa7 27. h4
Rg8 28. hxg5 Bf8 29. gxh6 Nexg4 30. Kh3 Nxe3 31. Qxe3 Qc7 32. Rh1 Qa5 33.
Nd1 Qxa2 34. Nf2 Qb2 35. Bg4 Qd4 36. Qf4 Nxg4 37. Nxg4 Qd3+ 38. Kh4 Qe2 39.
Rg1 Rxg4+ 40. Rxg4 Qe1+ 41. Kh5 Qh1+ 42. Rh4 Qd1+ 43. Qg4 Qd2 44. f6
{Black forfeits on time}
1-0

[Event "ICCopen2017"]
[Site "Internet Chess Club"]
[Date "2017.04.02"]
[Round "6"]
[White "manusupergm2001"]
[Black "Montserrat"]
[Result "1-0"]
[ICCResult "Black checkmated"]
[WhiteElo "2220"]
[BlackElo "1849"]
[Opening "Nimzovich-Larsen attack: Indian variation"]
[ECO "A01"]
[NIC "VO.08"]
[Time "20:06:24"]
[TimeControl "180+0"]

1. b3 Nf6 2. Bb2 Nc6 3. e3 d6 4. d4 e6 5. Nf3 g6 6. Be2 Bg7 7. O-O O-O 8. c4
b6 9. Nc3 Bb7 10. Nd2 d5 11. Bf3 Ne7 12. Qc2 c6 13. Rad1 Rc8 14. e4 dxc4 15.
Nxc4 Qc7 16. Ba3 Rfd8 17. Bd6 Qd7 18. Ba3 Qe8 19. Nd6 Rxd6 20. Bxd6 Qd7 21.
Ba3 Bf8 22. Qe2 Rd8 23. Rfe1 Bg7 24. d5 cxd5 25. Bxe7 Qxe7 26. exd5 Qb4 27.
dxe6 Rxd1 28. Rxd1 fxe6 29. Qxe6+ Kh8 30. Rd8+ Bf8 31. Qxf6+ Kg8 32. Bxb7
Qc5 33. Bd5+ Qxd5 34. Qxf8# {Black checkmated} 1-0

[Event "ICCopen2017"]
[Site "Internet Chess Club"]
[Date "2017.04.02"]
[Round "6"]
[White "Vogel"]
[Black "kamalchandran"]
[Result "0-1"]
[ICCResult "White disconnected and forfeits"]
[WhiteElo "2139"]
[BlackElo "1837"]
[Opening "Ruy Lopez: open, classical defense"]
[ECO "C83"]
[NIC "RL.29"]
[Time "20:07:43"]
[TimeControl "180+0"]

1. e4 e5 2. Nf3 Nc6 3. Bb5 a6 4. Ba4 Nf6 5. O-O Nxe4 6. d4 b5 7. Bb3 d5 8.
dxe5 Be6 9. c3 Be7 10. Nbd2 Nc5 11. Bc2 d4 12. cxd4 Nxd4 13. Nxd4 Qxd4 14.
Nf3 Qxd1 15. Rxd1 O-O 16. Be3 Rfd8 17. b4 Nb7 18. Be4 Rab8 19. Ba7 Ra8 20.
Bxb7 Rxa7 21. Rxd8+ Bxd8 22. Be4 Be7 23. a3 a5 24. Nd4 axb4 25. Nc6 Rxa3 26.
Nxe7+ Kf8 27. Rc1 Kxe7 28. Rxc7+ Kd8 29. Rc1 b3 30. f3 b2 31. Rb1 Ra1 32.
Kf2 Rxb1 33. Bxb1 Kc7 34. Ke2 b4 35. Kd2 Bb3 36. Ke3 Kc6 37. Kd4 Kb5 38. f4
Ka4 39. f5 Ka3 40. g4 Ba2 41. Be4 b1=Q 42. Bxb1 Bxb1 43. e6 fxe6 44. fxe6
Bg6 45. Ke5 b3 46. e7 b2 47. h4 b1=Q 48. h5 Be8 49. Kd6 Qe4 50. g5 Bxh5
{White disconnected and forfeits}
0-1

[Event "ICCopen2017"]
[Site "Internet Chess Club"]
[Date "2017.04.02"]
[Round "6"]
[White "Bojack"]
[Black "Ajolote"]
[Result "1-0"]
[ICCResult "Black resigns"]
[WhiteElo "2183"]
[BlackElo "1523"]
[Opening "Sicilian defense"]
[ECO "B32"]
[NIC "SI.32"]
[Time "20:06:24"]
[TimeControl "180+0"]

1. e4 c5 2. Nf3 Nc6 3. d4 cxd4 4. Nxd4 Qb6 5. Nb3 e6 6. Nc3 Qc7 7. Qe2 a6 8.
g4 Be7 9. h4 d6 10. g5 h6 11. g6 Nf6 12. gxf7+ Kxf7 13. Rg1 Rf8 14. Bh3 Kg8
15. Bxh6 Rf7 16. O-O-O Ne5 17. f4 Nc4 18. Nd4 d5 19. e5 Nd7 20. Bxe6 Qb6 21.
Rxg7+ Kh8 22. Qxc4 dxc4 23. Rxf7 Nc5 24. Bg7+ Kg8 25. Bxc4 Be6 26. Nxe6 Nxe6
27. Rxe7 Rd8 28. Bxe6+ Kh7 29. Bf5+ Kg8 30. Rxd8+ Qxd8 31. Bf6 Qb8 32. Bg6
Qc8 33. Re8+ Qxe8 34. Bxe8 Kf8 35. Bg6 Kg8 36. Nd5 Kf8 37. e6 b6 38. Bf7 b5
39. f5 b4 40. Nf4 {Black resigns} 1-0

[Event "ICCopen2017"]
[Site "Internet Chess Club"]
[Date "2017.04.02"]
[Round "6"]
[White "makingnosense"]
[Black "GolfPro"]
[Result "1-0"]
[ICCResult "Black checkmated"]
[WhiteElo "2099"]
[BlackElo "1875"]
[Opening "Catalan: closed, 5.Nf3"]
[ECO "E06"]
[NIC "CA.04"]
[Time "20:07:14"]
[TimeControl "180+0"]

1. d4 d5 2. c4 e6 3. g3 Nf6 4. Bg2 Be7 5. Nf3 O-O 6. O-O b6 7. Qc2 Bb7 8.
Rd1 Qc8 9. Nc3 Rd8 10. Bf4 a6 11. Ne5 dxc4 12. Nxc4 Bxg2 13. Kxg2 Qb7+ 14.
f3 Nd5 15. Nxd5 exd5 16. Ne5 f6 17. Nd3 Nc6 18. e3 Rac8 19. Rac1 Nb4 20.
Nxb4 Bxb4 21. a3 Bd6 22. Qc6 Qxc6 23. Rxc6 Bxf4 24. gxf4 Rd6 25. Rxd6 cxd6
26. Rd2 Kf7 27. Kf2 f5 28. Ke2 a5 29. Kd3 Kf6 30. b3 h6 31. h4 Rc1 32. e4
dxe4+ 33. fxe4 Rb1 34. e5+ Ke6 35. d5+ Ke7 36. Rc2 Rxb3+ 37. Kd4 dxe5+ 38.
fxe5 Rb5 39. Rc7+ Kf8 40. e6 f4 41. d6 f3 42. Rc8# {Black checkmated} 1-0

[Event "ICCopen2017"]
[Site "Internet Chess Club"]
[Date "2017.04.02"]
[Round "6"]
[White "fisherino"]
[Black "sanka"]
[Result "1-0"]
[ICCResult "Black resigns"]
[WhiteElo "1532"]
[BlackElo "1312"]
[Opening "Hungarian defense"]
[ECO "C50"]
[NIC "IG.03"]
[Time "20:07:41"]
[TimeControl "180+0"]

1. e4 e5 2. Nf3 Nc6 3. Bc4 Be7 4. O-O Nf6 5. d4 exd4 6. Nxd4 O-O 7. Nxc6
dxc6 8. e5 Nd5 9. Qh5 Be6 10. Nc3 b5 11. Nxd5 Bxd5 12. Bxd5 cxd5 13. Bf4 Qd7
14. Rfe1 Qe6 15. Rad1 c6 16. Be3 c5 17. c3 Rad8 18. f4 Qg6 19. Qxg6 hxg6 20.
g4 f6 21. e6 Rfe8 22. f5 g5 23. Kg2 a5 24. Bf2 b4 25. cxb4 axb4 26. b3 c4
27. bxc4 dxc4 28. Rd7 Rxd7 29. exd7 Rd8 30. Rxe7 Kf8 31. Bc5 Rc8 32. Re8+
Kf7 33. dxc8=Q {Black resigns} 1-0

[Event "ICCopen2017"]
[Site "Internet Chess Club"]
[Date "2017.04.02"]
[Round "6"]
[White "WobblySquares"]
[Black "iliketal"]
[Result "0-1"]
[ICCResult "White resigns"]
[WhiteElo "1571"]
[BlackElo "1781"]
[Opening "Sicilian defense"]
[ECO "B30"]
[NIC "SI.31"]
[Time "20:06:56"]
[TimeControl "180+0"]

1. e4 c5 2. Nf3 Nc6 3. c3 Nf6 4. d3 d5 5. e5 Nd7 6. Bf4 e6 7. d4 b6 8. Bd3
Be7 9. Nbd2 g5 10. Be3 g4 11. Ng1 h5 12. h3 Rg8 13. hxg4 hxg4 14. Bh7 Rg7
15. Qc2 Bg5 16. Bd3 Bxe3 17. Rh8+ Nf8 18. fxe3 Bb7 19. Ne2 Qg5 20. Nf1 c4
21. Nf4 cxd3 22. Qxd3 O-O-O 23. b4 Ng6 24. g3 Rxh8 25. b5 Nce7 26. c4 Nxf4
27. exf4 Qf5 28. Qc3 Qe4+ 29. Kd2 dxc4 30. Qxc4+ Kb8 31. Qb4 Nc8 32. Rc1 Rd8
33. Ne3 Rxd4+ {White resigns} 0-1

[Event "ICCopen2017"]
[Site "Internet Chess Club"]
[Date "2017.04.02"]
[Round "6"]
[White "Jude"]
[Black "chigato"]
[Result "1-0"]
[ICCResult "Black checkmated"]
[WhiteElo "1911"]
[BlackElo "1625"]
[Opening "Caro-Kann: two knights variation"]
[ECO "B11"]
[NIC "CK.01"]
[Time "20:07:45"]
[TimeControl "180+0"]

1. e4 c6 2. Nc3 d5 3. Nf3 d4 4. Ne2 c5 5. Ng3 Nc6 6. h3 e5 7. Bc4 f6 8. Bxg8
Rxg8 9. d3 Be6 10. Nh2 Qd7 11. Qh5+ g6 12. Qe2 Bd6 13. O-O O-O-O 14. a3 c4
15. dxc4 Be7 16. Rd1 Qe8 17. b4 a6 18. b5 Na5 19. bxa6 Bxc4 20. axb7+ Kb8
21. Qe1 Qa4 22. Bd2 Nxb7 23. Rab1 Ba6 24. Bb4 Rge8 25. Bxe7 Rxe7 26. Rb4 Qc6
27. Rdb1 Rc7 28. Rb6 Qa4 29. R6b4 Qc6 30. Rb6 Qc4 31. Nf3 Rc6 32. Rxc6 Qxc6
33. Qb4 Rc8 34. Ne1 Rc7 35. Qf8+ Ka7 36. Qb4 Nd6 37. a4 Nc4 38. Qb8#
{Black checkmated}
1-0

[Event "ICCopen2017"]
[Site "Internet Chess Club"]
[Date "2017.04.02"]
[Round "6"]
[White "uptonjr"]
[Black "TonyYak"]
[Result "1-0"]
[ICCResult "Black checkmated"]
[WhiteElo "1769"]
[BlackElo "1400"]
[Opening "Old Benoni defense"]
[ECO "A43"]
[NIC "OI.09"]
[Time "20:07:04"]
[TimeControl "180+0"]

1. d4 c5 2. d5 b5 3. e4 a6 4. a4 b4 5. c4 e6 6. Nf3 d6 7. Be2 g6 8. O-O Bg7
9. Nbd2 Ne7 10. Nb3 O-O 11. dxe6 Bxe6 12. Bf4 Bxb2 13. Rb1 Bc3 14. Bxd6 Nbc6
15. Bxc5 Qxd1 16. Rfxd1 Rfd8 17. Bxe7 Nxe7 18. Nfd4 Kg7 19. Nxe6+ fxe6 20.
Nc5 Kf6 21. Bg4 Nc6 22. Nxe6 h5 23. Bh3 g5 24. Nxd8 Rxd8 25. Rxd8 Nxd8 26.
Rd1 g4 27. Rxd8 gxh3 28. gxh3 Ke5 29. c5 b3 30. c6 b2 31. Rd1 Kxe4 32. c7
Kf3 33. c8=Q Ke2 34. Qd7 Be5 35. Qd3# {Black checkmated} 1-0

[Event "ICCopen2017"]
[Site "Internet Chess Club"]
[Date "2017.04.02"]
[Round "6"]
[White "Sensei24"]
[Black "Fighterman"]
[Result "0-1"]
[ICCResult "White forfeits on time"]
[WhiteElo "2963"]
[BlackElo "2491"]
[Opening "Neo-Grünfeld, 6.cd Nxd5, 7.O-O Nb6"]
[ECO "D76"]
[NIC "KI.80"]
[Time "20:06:21"]
[TimeControl "180+0"]

1. d4 Nf6 2. c4 g6 3. Nf3 Bg7 4. g3 O-O 5. Bg2 d5 6. cxd5 Nxd5 7. O-O Nb6 8.
Nc3 Nc6 9. e3 e5 10. d5 Na5 11. e4 c6 12. b3 cxd5 13. exd5 Bg4 14. h3 e4 15.
Nxe4 Bxf3 16. Bxf3 Bxa1 17. Bg5 f6 18. Bh6 Be5 19. Qe1 Nd7 20. Bxf8 Nxf8 21.
Qb4 Rc8 22. Rd1 b6 23. d6 Kg7 24. Qb5 Nc6 25. Qd5 Qd7 26. a3 Ne6 27. Bg2 f5
28. f4 Bd4+ 29. Rxd4 Ncxd4 30. Ng5 Rc5 31. Nxe6+ Nxe6 32. Qd3 Rc1+ 33. Kh2
Rc8 34. Qd2 Qf7 35. Qb2+ Qf6 36. Qd2 Rd8 37. d7 Nc5 38. Qe2 Rxd7
{White forfeits on time}
0-1

[Event "ICCopen2017"]
[Site "Internet Chess Club"]
[Date "2017.04.02"]
[Round "6"]
[White "yijiqishi"]
[Black "chavo"]
[Result "0-1"]
[ICCResult "White checkmated"]
[WhiteElo "1948"]
[BlackElo "2325"]
[Opening "Nimzo-Indian: classical, 4...c5"]
[ECO "E38"]
[NIC "NI.22"]
[Time "20:06:13"]
[TimeControl "180+0"]

1. d4 Nf6 2. c4 e6 3. Nc3 Bb4 4. Qc2 c5 5. dxc5 Na6 6. a3 Bxc3+ 7. Qxc3 Nxc5
8. b4 Na4 9. Qc2 b5 10. Bg5 Bb7 11. e3 Rc8 12. Nf3 h6 13. Bh4 O-O 14. Be2 g5
15. Bg3 Be4 16. Qb3 Nb6 17. c5 Bd5 18. Qd1 Na4 19. Bxb5 Nc3 20. Qd3 Nxb5 21.
Qxb5 Ne4 22. O-O d6 23. cxd6 Bc4 24. Qe5 Nxg3 25. fxg3 Bxf1 26. Rxf1 Rc6 27.
Rd1 Ra6 28. h4 g4 29. Nh2 f5 30. Qxe6+ Kg7 31. Qe5+ Rf6 32. e4 Rxd6 33. Rf1
Re6 34. Qc3 Rxe4 35. Rxf5 Qd4+ 36. Qxd4 Rxd4 37. Rxf6 Kxf6 38. Kf2 h5 39.
Ke3 Rd1 40. Kf2 Ra1 41. Nf1 Ra2+ 42. Ke3 Rxa3+ 43. Kf4 Ra2 44. Ne3 Rf2+ 45.
Ke4 Rxg2 46. Kf4 Rf2+ 47. Ke4 Rb2 48. Nd5+ Kg6 49. Nf4+ Kh6 50. Nd5 Rg2 51.
Kf5 Rxg3 52. Ne7 Rf3+ 53. Ke6 Re3+ 54. Kf7 Rxe7+ 55. Kxe7 g3 56. Kd6 g2 57.
Kc7 g1=Q 58. Kb7 Qb6+ 59. Kc8 Qxb4 60. Kd7 Qxh4 61. Ke6 Qg4+ 62. Kd5 h4 63.
Kc6 h3 64. Kb7 h2 65. Ka8 h1=Q+ 66. Kxa7 Qb1 67. Ka8 Qc8+ 68. Ka7 Qcb7#
{White checkmated}
0-1

[Event "ICCopen2017"]
[Site "Internet Chess Club"]
[Date "2017.04.02"]
[Round "6"]
[White "msenger"]
[Black "TennKid84"]
[Result "0-1"]
[ICCResult "White forfeits on time"]
[WhiteElo "1475"]
[BlackElo "1747"]
[Opening "Caro-Kann: two knights variation"]
[ECO "B10"]
[NIC "CK.01"]
[Time "20:06:13"]
[TimeControl "180+0"]

1. e4 c6 2. Nf3 d5 3. Nc3 dxe4 4. Nxe4 Nf6 5. Nxf6+ exf6 6. d4 Bd6 7. Be3
O-O 8. Be2 Re8 9. O-O Bf5 10. c3 Nd7 11. Nh4 Be6 12. Bg4 Nb6 13. Bxe6 Rxe6
14. Qg4 Nd5 15. Bh6 Bf8 16. Nf5 g6 17. Bxf8 Qxf8 18. Ng3 Rae8 19. h3 Qd6 20.
Qd1 f5 21. Qb3 f4 22. Nh1 R8e7 23. a4 a6 24. c4 Nf6 25. Rad1 Re2 26. d5 c5
27. Qc3 Ne4 28. Qb3 Nd2 29. Qc3 Nxf1 30. Rxf1 Qe5 31. f3 Qxc3 32. bxc3 Rc2
33. Nf2 Rxc3 34. Ne4 Rxc4 35. d6 Rd7 36. Nf6+ Kg7 37. Nxd7 Rd4 38. Nxc5 Rxd6
39. Nxb7 Rb6 40. Nc5 Rc6 41. Nd3 Rc3 42. Nxf4 Rc4 43. Ne2 Rxa4 44. Kf2 Ra2
45. Rc1 a5 46. Ke3 a4 47. Nc3 Rxg2 48. Ra1 Rg3 49. Rxa4 Rxh3 50. Kf2 Rh1 51.
Ne4 Rb1 52. Ra7 Rb2+ 53. Kg3 Rb6 54. Ng5 Rf6 55. Ne4 h6 56. Ng5 hxg5 57. f4
Rf5 {White forfeits on time} 0-1

[Event "ICCopen2017"]
[Site "Internet Chess Club"]
[Date "2017.04.02"]
[Round "6"]
[White "Red-white"]
[Black "GregoryHouse"]
[Result "1-0"]
[ICCResult "Black checkmated"]
[WhiteElo "2890"]
[BlackElo "2042"]
[Opening "King's Indian: 5.Nf3"]
[ECO "E90"]
[NIC "KI.20"]
[Time "20:06:33"]
[TimeControl "180+0"]

1. c4 Nf6 2. Nc3 g6 3. e4 d6 4. d4 Bg7 5. Nf3 O-O 6. h3 e5 7. d5 a5 8. Be3
Na6 9. g4 Nd7 10. a3 Nac5 11. Rg1 a4 12. Nd2 Qe8 13. Be2 Kh8 14. h4 Nb6 15.
h5 f5 16. hxg6 Qxg6 17. Qc2 fxg4 18. O-O-O Bh6 19. Bxh6 Qxh6 20. Rh1 Qg5 21.
Rh2 Nb3+ 22. Kb1 Nxd2+ 23. Rxd2 Nd7 24. Rd1 Nf6 25. Rdh1 Bd7 26. Bd3 Rf7 27.
Nd1 Rg8 28. c5 g3 29. fxg3 Qxg3 30. cxd6 cxd6 31. Nc3 Ng4 32. Rg2 Qf4 33.
Rf1 Qxf1+ 34. Bxf1 Rxf1+ 35. Ka2 Rg6 36. Qe2 Rh1 37. Rg3 h5 38. Qc4 h4 39.
Rf3 h3 40. Qc7 h2 41. Qd8+ Rg8 42. Rh3+ Kg7 43. Qxd7+ Kf6 44. Qf5+ Ke7 45.
Rh7+ Ke8 46. Qd7+ Kf8 47. Qf7# {Black checkmated} 1-0

[Event "ICCopen2017"]
[Site "Internet Chess Club"]
[Date "2017.04.02"]
[Round "6"]
[White "Ataraxia"]
[Black "playwaycool"]
[Result "0-1"]
[ICCResult "White forfeits on time"]
[WhiteElo "1903"]
[BlackElo "2191"]
[Opening "Queen's pawn game"]
[ECO "D02"]
[NIC "QP.08"]
[Time "20:07:08"]
[TimeControl "180+0"]

1. d4 d5 2. Nf3 c6 3. e3 Nf6 4. Bd3 g6 5. c3 Bg7 6. b3 O-O 7. Bb2 Re8 8.
Nbd2 Nbd7 9. h3 e5 10. Nxe5 Nxe5 11. dxe5 Rxe5 12. Nf3 Re8 13. c4 Qa5+ 14.
Qd2 Qxd2+ 15. Nxd2 dxc4 16. Nxc4 Nd5 17. Bxg7 Kxg7 18. O-O-O Rd8 19. Ne5 Nb4
20. Bb1 Be6 21. f4 f6 22. Nf3 c5 23. g4 Bd5 24. e4 Bc6 25. Rhe1 Rxd1+ 26.
Kxd1 Rd8+ 27. Ke2 Bb5+ 28. Ke3 b6 29. a3 Nc6 30. a4 Ba6 31. e5 fxe5 32. Nxe5
Nd4 33. Be4 Nxb3 34. Nc6 Re8 35. Nxa7 Bb7 36. Kd3 c4+ 37. Kxc4 Bxe4 38. Kb5
Bd3+ 39. Kb4 Rxe1 40. Kxb3 Rh1 41. Kc3 Rxh3 42. Kd4 Be2 43. g5 Ra3 44. Nc6
Rxa4+ 45. Nb4 Rxb4+ {White forfeits on time} 0-1

[Event "ICCopen2017"]
[Site "Internet Chess Club"]
[Date "2017.04.02"]
[Round "6"]
[White "nahuels1992"]
[Black "Balderdash"]
[Result "1-0"]
[ICCResult "Black forfeits on time"]
[WhiteElo "1664"]
[BlackElo "1135"]
[Opening "King's pawn game"]
[ECO "C50"]
[NIC "IG.03"]
[Time "20:07:04"]
[TimeControl "180+0"]

1. e4 e5 2. Nf3 Nc6 3. Bc4 Na5 4. Bb5 c6 5. Ba4 Nf6 6. O-O b5 7. Bb3 Nxb3 8.
axb3 d5 9. exd5 Nxd5 10. Nxe5 Qf6 11. Nc3 Bd6 12. Nxd5 cxd5 13. d4 O-O 14.
Re1 a5 15. Qf3 Bxe5 16. dxe5 Qxf3 17. gxf3 Bh3 18. f4 Rfe8 19. f3 Rac8 20.
c3 f6 21. Rxa5 fxe5 22. Rxe5 Rxe5 23. fxe5 Rf8 24. f4 b4 25. Rxd5 bxc3 26.
bxc3 Rc8 27. Bd2 Be6 28. Rb5 Bg4 29. c4 Be2 30. Rd5 Bf3 31. Rd7 Ra8 32. Kf2
Bg4 33. Rc7 Ra2 34. Ke3 Kf8 35. b4 Ke8 36. b5 Kd8 37. Rxg7
{Black forfeits on time}
1-0

[Event "ICCopen2017"]
[Site "Internet Chess Club"]
[Date "2017.04.02"]
[Round "6"]
[White "lustigbridge"]
[Black "Ninjakiwi17"]
[Result "1-0"]
[ICCResult "Black checkmated"]
[WhiteElo "1919"]
[BlackElo "2303"]
[Opening "QGD Slav: Slav gambit"]
[ECO "D15"]
[NIC "SL.03"]
[Time "20:06:22"]
[TimeControl "180+0"]

1. d4 d5 2. c4 c6 3. Nc3 Nf6 4. Nf3 dxc4 5. e4 b6 6. e5 Nd5 7. Bxc4 e6 8.
O-O Bb4 9. Bd2 Bxc3 10. bxc3 O-O 11. Bd3 h6 12. c4 Ne7 13. Bc3 Ba6 14. Nd2
Nd5 15. Bb2 Nf4 16. Be4 Qg5 17. g3 Rd8 18. h4 Qe7 19. gxf4 Qxh4 20. Qf3 Nd7
21. Qg3 Qe7 22. Kh2 Rac8 23. Rg1 f5 24. exf6 Nxf6 25. d5 cxd5 26. cxd5 exd5
27. Bf5 Rc7 28. Qg6 d4 29. Ne4 Nxe4 30. Bxe4 Qh4+ 31. Kg2 Qxf4 32. Qh7+ Kf8
33. Ba3+ Ke8 34. Qg6+ Kd7 35. Bf5+ Qxf5 36. Qxf5+ Kc6 37. Rac1+ Kb7 38.
Rxc7+ Kxc7 39. Rc1+ Kb8 40. Qe5+ Ka8 41. f3 d3 42. Rd1 d2 43. Bb4 Bb7 44.
Rxd2 Rc8 45. Be7 g5 46. Rd8 Rxd8 47. Bxd8 g4 48. Kg3 gxf3 49. Kf2 a6 50. Qh5
Ka7 51. Qxh6 a5 52. Qxb6+ Ka8 53. Qxa5+ Kb8 54. Bc7+ Kc8 55. Qe5 Kd7 56.
Qd6+ Ke8 57. Qb6 Kd7 58. Qxb7 Ke6 59. Qxf3 Kd7 60. a4 Kc8 61. a5 Kd7 62. a6
Kc8 63. a7 Kd7 64. a8=Q Ke7 65. Qae4+ Kd7 66. Qfd3+ Kc8 67. Qe8+ Kb7 68.
Qb3+ Ka7 69. Qea4# {Black checkmated} 1-0

[Event "ICCopen2017"]
[Site "Internet Chess Club"]
[Date "2017.04.02"]
[Round "6"]
[White "Nos"]
[Black "Revolutions"]
[Result "1/2-1/2"]
[ICCResult "Game drawn by repetition"]
[WhiteElo "2170"]
[BlackElo "1842"]
[Opening "Sicilian"]
[ECO "B54"]
[NIC "SI.01"]
[Time "20:07:05"]
[TimeControl "180+0"]

1. e4 c5 2. Nf3 d6 3. d4 cxd4 4. Nxd4 Nc6 5. c4 Nf6 6. Nc3 g6 7. Be2 Bg7 8.
Be3 O-O 9. O-O a6 10. Qd2 Re8 11. f3 Bd7 12. Rad1 Rc8 13. Rfe1 Qa5 14. b3
Ne5 15. Nd5 Qd8 16. h3 Bc6 17. Nc2 Bxd5 18. cxd5 b5 19. Nb4 a5 20. Nc6 Nxc6
21. dxc6 b4 22. Rc1 Qc7 23. Ba6 Rb8 24. Bb7 Rxb7 25. cxb7 Qxb7 26. Bd4 Nh5
27. Bxg7 Nxg7 28. Qd5 Qa7+ 29. Kh2 Ne6 30. Qc6 Rf8 31. Kh1 Qf2 32. Qc2 Qh4
33. Rf1 Ng7 34. Qf2 Qh6 35. Rc7 Qg5 36. Rfc1 Nh5 37. Rc8 Rxc8 38. Rxc8+ Kg7
39. Qd4+ e5 40. Qxd6 Ng3+ 41. Kh2 Qf4 42. Qf8+ Kf6 43. Qd8+ Kg7 44. Qf8+ Kf6
45. Qd8+ Kg7 46. Qf8+ {Game drawn by repetition} 1/2-1/2

[Event "ICCopen2017"]
[Site "Internet Chess Club"]
[Date "2017.04.02"]
[Round "6"]
[White "cap78red"]
[Black "chekbouncer"]
[Result "1-0"]
[ICCResult "Black forfeits on time"]
[WhiteElo "1256"]
[BlackElo "1284"]
[Opening "English opening"]
[ECO "A13"]
[NIC "EO.64"]
[Time "20:06:28"]
[TimeControl "180+0"]

1. c4 e6 2. Nc3 f5 3. e4 fxe4 4. Qh5+ g6 5. Qe5 Nf6 6. Nxe4 Bg7 7. d4 O-O 8.
Bg5 d6 9. Bxf6 Bxf6 10. Nxf6+ Qxf6 11. Qxf6 Rxf6 12. Nf3 Nc6 13. Bd3 b6 14.
O-O-O Bb7 15. h4 Nb4 16. h5 Nxa2+ 17. Kb1 Nb4 18. hxg6 hxg6 19. Be2 Bxf3 20.
Bxf3 c6 21. Rh4 Raf8 22. Rdh1 Kf7 23. d5 cxd5 24. cxd5 Nxd5 25. Rh7+ Ke8 26.
Rxa7 R6f7 27. Ra8+ Ke7 28. Ra7+ Kf6 29. Ra3 Kg5 30. Rd3 b5 31. Bxd5 exd5 32.
Rxd5+ Rf5 33. Rxf5+ Rxf5 34. f3 Kf4 35. Rh3 Rg5 36. Rh4+ Kg3 37. Rd4 Kxg2
38. Rxd6 Kxf3 39. Kc2 Ke4 40. Kd2 Rd5+ 41. Rxd5 Kxd5 42. Ke3 g5 43. Kf3 Ke5
44. Kg4 Kf6 45. Kg3 Kf5 46. Kf3 b4 47. b3 g4+ 48. Kg2 Kf4 49. Kf2 g3+ 50.
Kg1 Kf3 51. Kf1 {Black forfeits on time} 1-0

[Event "ICCopen2017"]
[Site "Internet Chess Club"]
[Date "2017.04.02"]
[Round "6"]
[White "anitak"]
[Black "rovov"]
[Result "1-0"]
[ICCResult "Black forfeits on time"]
[WhiteElo "2086"]
[BlackElo "1771"]
[Opening "English: Caro-Kann defensive system"]
[ECO "A11"]
[NIC "EO.64"]
[Time "20:06:29"]
[TimeControl "180+0"]

1. c4 c6 2. Nc3 d5 3. cxd5 cxd5 4. d4 Nc6 5. g3 Nf6 6. Bg2 e6 7. Nf3 Qb6 8.
O-O Be7 9. a3 O-O 10. b4 Nd7 11. e3 a6 12. Na4 Qd8 13. Nc5 b6 14. Nd3 b5 15.
Nc5 Nb6 16. Nd2 Bxc5 17. dxc5 Nc4 18. Nxc4 bxc4 19. Bb2 Bb7 20. Qg4 g6 21.
Rfd1 Qe7 22. Bc3 Rfd8 23. h4 h5 24. Qe2 Rd7 25. Qb2 Kh7 26. Bf6 Qe8 27. Bc3
Rad8 28. a4 e5 29. b5 axb5 30. axb5 Ne7 31. Bxe5 Bc8 32. Bf6 Rb7 33. Bxe7
Qxe7 34. Rxd5 Be6 35. Rxd8 Qxd8 36. Bxb7 Qd3 37. Qd4 Qe2 38. Bg2 Bg4 39. Rc1
Be6 40. c6 c3 41. Qxc3 {Black forfeits on time} 1-0

[Event "ICCopen2017"]
[Site "Internet Chess Club"]
[Date "2017.04.02"]
[Round "6"]
[White "DaGame"]
[Black "Commando"]
[Result "1-0"]
[ICCResult "Black resigns"]
[WhiteElo "2725"]
[BlackElo "2515"]
[Opening "Réti: King's Indian attack"]
[ECO "A05"]
[NIC "QP.11"]
[Time "20:07:21"]
[TimeControl "180+0"]

1. Nf3 Nf6 2. g3 g6 3. Bg2 Bg7 4. d4 O-O 5. O-O d6 6. b3 Nbd7 7. Bb2 Re8 8.
c4 Rb8 9. Nc3 b6 10. Nb5 a6 11. Na7 Bb7 12. Ne1 d5 13. cxd5 Nxd5 14. Rc1 c5
15. Nd3 cxd4 16. Bxd5 Bxd5 17. Nb4 Nc5 18. Nac6 Qd6 19. Nxb8 e5 20. N8xa6
Nxa6 21. Nxa6 Bb7 22. Nc7 Re7 23. Qc2 e4 24. Nb5 Qd7 25. Nxd4 Bxd4 26. Bxd4
Qxd4 27. Rfd1 Qe5 28. Qc3 Qf5 29. Rd8+ {Black resigns} 1-0

[Event "ICCopen2017"]
[Site "Internet Chess Club"]
[Date "2017.04.02"]
[Round "6"]
[White "Seraphim"]
[Black "devotional"]
[Result "0-1"]
[ICCResult "White resigns"]
[WhiteElo "1837"]
[BlackElo "2127"]
[Opening "Ruy Lopez: Berlin defense"]
[ECO "C65"]
[NIC "RL.07"]
[Time "20:07:16"]
[TimeControl "180+0"]

1. e4 e5 2. Nf3 Nc6 3. Bb5 Nf6 4. d3 Bc5 5. O-O d6 6. c3 Bb6 7. Nbd2 a6 8.
Ba4 O-O 9. h3 Ne7 10. Re1 Ng6 11. Nf1 h6 12. Be3 c6 13. Ng3 Bc7 14. d4 Re8
15. Bb3 Be6 16. Bxe6 Rxe6 17. Nf5 d5 18. dxe5 Nxe4 19. N5d4 Re8 20. e6 fxe6
21. Qc2 e5 22. Nb3 Qf6 23. Nc5 Nxc5 24. Bxc5 e4 25. Bd4 Qf4 26. Be3 Qd6 27.
g3 exf3 28. Rad1 Qe6 29. Kh2 Qf7 30. Rd4 Re6 31. c4 dxc4 32. Rxc4 Rae8 33.
a4 Ne5 34. Rf4 Qg6 35. Qxg6 Rxg6 36. b4 Nd3 {White resigns} 0-1

[Event "ICCopen2017"]
[Site "Internet Chess Club"]
[Date "2017.04.02"]
[Round "6"]
[White "egyptiantiger"]
[Black "kaimann"]
[Result "1-0"]
[ICCResult "Black forfeits on time"]
[WhiteElo "1699"]
[BlackElo "1863"]
[Opening "Old Indian: Tartakower (Wade) variation"]
[ECO "A41"]
[NIC "QO.17"]
[Time "20:06:37"]
[TimeControl "180+0"]

1. d4 d6 2. Nf3 Bg4 3. e3 Nd7 4. Be2 e5 5. dxe5 dxe5 6. O-O Ngf6 7. c4 c6 8.
Nc3 Qc7 9. b3 Bb4 10. Bb2 O-O 11. Qc2 Rfe8 12. Rad1 Bf8 13. Ng5 Bxe2 14.
Qxe2 h6 15. Nge4 Be7 16. Qf3 a5 17. g4 Nxe4 18. Nxe4 Nc5 19. Ng3 Bf6 20. Nf5
Kh7 21. Qh3 Rad8 22. f4 Nd3 23. g5 Nxb2 24. gxf6 Rxd1 25. Rxd1 Nxd1 26. fxg7
Re6 27. Ng3 exf4 28. Qf5+ Rg6 29. exf4 Kxg7 30. Kh1 {Black forfeits on time}
1-0

[Event "ICCopen2017"]
[Site "Internet Chess Club"]
[Date "2017.04.02"]
[Round "6"]
[White "trianon"]
[Black "Shafkat"]
[Result "1/2-1/2"]
[ICCResult "White ran out of time and Black has no material to mate"]
[WhiteElo "2035"]
[BlackElo "1596"]
[Opening "King's Indian: orthodox, 7...Nbd7"]
[ECO "E94"]
[NIC "KI.14"]
[Time "20:06:27"]
[TimeControl "180+0"]

1. Nf3 Nf6 2. c4 g6 3. Nc3 Bg7 4. e4 O-O 5. d4 d6 6. Be2 e5 7. O-O Nbd7 8.
Qc2 Re8 9. Rd1 c6 10. d5 cxd5 11. cxd5 Nc5 12. b4 Ncd7 13. Bg5 h6 14. Bh4 g5
15. Bg3 Nf8 16. Nd2 Ng6 17. Nf1 Nf4 18. Ne3 Nxe2+ 19. Qxe2 b6 20. f3 a5 21.
Rab1 axb4 22. Rxb4 Ba6 23. Qb2 Rb8 24. Na4 b5 25. Nc3 Nh5 26. Nc2 Nxg3 27.
hxg3 f5 28. Na3 fxe4 29. Nxe4 Qb6+ 30. Kh2 g4 31. Rb1 gxf3 32. gxf3 Qe3 33.
Kg2 Rf8 34. Rb3 Qa7 35. Nxb5 Bxb5 36. Rxb5 Rxb5 37. Qxb5 Qxa2+ 38. Rb2 Qa7
39. Qb6 Qxb6 40. Rxb6 Rd8 41. Rxd6 Rxd6 42. Nxd6 Kf8 43. Nf5 Kf7 44. Nxg7
Kxg7 45. f4 exf4 46. gxf4 Kf6 47. Kg3 Kf5 48. Kh4 Kf6 49. Kh5 Kf5 50. Kxh6
Kf6 51. Kh7 Ke7 52. Kg7 Kd6
{White ran out of time and Black has no material to mate}
1/2-1/2